 Dungeon Crawl Stone Soup version 0.18-a0-1628-g61c6396 (webtiles) character file.

33 namename2 the Ruffian (level 3, -3/29 HPs)
             Began as a Ghoul Gladiator on Mar 25, 2016.
             Killed from afar by Natasha (7 damage)
             ... with a magic dart
             ... on level 2 of the Dungeon.
             The game lasted 00:02:20 (839 turns).

namename2 the Ruffian (Ghoul Gladiator)              Turns: 839, Time: 00:02:20

Health: -3/29      AC:  4    Str: 18    XL:     3   Next: 29%
Magic:  2/2        EV: 12    Int:  3    God:
Gold:   47         SH:  0    Dex: 10    Spells: 0 memorised, 2 levels left

rFire  . . .     SeeInvis .       - Unarmed
rCold  + . .     Gourm    .     a - +0 leather armour
rNeg   + + +     Faith    .     (no shield)
rPois  ∞         Spirit   .     b - +0 helmet
rElec  .         Dismiss  .     (no cloak)
rCorr  .         Reflect  .     (no gloves)
SustAt +         Harm     .     (no boots)
MR     .....                    f - amulet of regeneration
Stlth  +.........               (no ring)
                                j - ring of sustain attributes

@: rotting, not resistant to hostile enchantments, very unstealthy
A: rotting body, claws 1, carnivore 3, cold resistance 1, negative energy
resistance 3, slow regeneration 1, torment resistance, unbreathing
a: no special abilities


You were on level 2 of the Dungeon.
You were not hungry.

You visited 1 branch of the dungeon, and saw 2 of its levels.

You collected 47 gold pieces.

Inventory:

Missiles
 c - a throwing net (quivered)
 e - 44 stones
 g - 18 poisoned needles
Armour
 a - a +0 leather armour (worn)
 b - a +0 helmet (worn)
Jewellery
 f - an amulet of regeneration (around neck)
 j - a ring of sustain attributes (left claw)
Scrolls
 i - a scroll of teleportation {unknown}
 l - 3 scrolls of remove curse {unknown}
Potions
 h - a potion of mutation {unknown}
 m - a potion of lignification {unknown}
Comestibles
 d - a meat ration
 k - a beef jerky


   Skills:
 - Level 2.1 Fighting
 - Level 1.7 Throwing
 - Level 2.6 Dodging
 + Level 4.7 Unarmed Combat


You had 2 spell levels left.
You didn't know any spells.

Dungeon Overview and Level Annotations

Branches:
Dungeon (2/15)

Altars:

Annotations:
D:2 Natasha


Innate Abilities, Weirdness & Mutations

Your body is rotting away.
You thrive on raw meat.
You are immune to poison.
You have sharp fingernails.
You are carnivorous and can eat meat at any time.
Your flesh is cold resistant.
You are immune to negative energy.
You regenerate slowly when monsters are visible.
You are immune to unholy pain and torment.
You can survive without breathing.


Message History

You throw a throwing net. The throwing net barely misses Natasha.
Natasha mewls in sadness.
Natasha casts a spell.
Throwing (i - inventory. (,) - cycle):
c - 2 throwing nets (quivered)
Press: ? - help, Shift-Dir - straight line, f/p - Natasha
Aim: Natasha (moderately wounded)
You throw a throwing net.
The throwing net closely misses Natasha.
Natasha howls an incantation.
You feel troubled. Natasha barely misses you.
Natasha casts a spell.
Natasha casts a spell at you. The magic dart hits you!
* * * LOW HITPOINT WARNING * * *
Natasha howls an incantation.
You feel troubled. Natasha casts a spell at you. The magic dart hits you!
You die...

# #.############
#####.#.5.5.......
.......5.........>
####.#h#####.###.
#.# #.# #@# ###


You could see Natasha, a white imp and a shadow imp.

Vanquished Creatures
  A worm (D:1)
  2 dart slugs (D:1)
  3 bats (D:1)
  A giant cockroach (D:1)
  3 goblins (D:1)
  6 hobgoblins (D:1)
  4 kobolds (D:1)
  2 rats (D:1)
22 creatures vanquished.

Notes
Turn   | Place    | Note
--------------------------------------------------------------
     0 | D:1      | namename2 the Ghoul Gladiator began the quest for the Orb.
     0 | D:1      | Reached XP level 1. HP: 17/17 MP: 0/0
   145 | D:1      | Reached XP level 2. HP: 24/24 MP: 1/1
   148 | D:1      | Reached skill level 4 in Unarmed Combat
   263 | D:1      | Reached XP level 3. HP: 26/28 MP: 2/2
   826 | D:2      | Noticed Natasha
   839 | D:2      | Killed from afar by Natasha

Vault maps used:
D:1:      matt_arrival_diagonals
D:2:      first_bread, uniq_crazy_yiuf_cottage, uniq_natasha

Skill      XL: |  1  2 |
---------------+-------+-----
Unarmed Combat | 4 |  4.7
Fighting       | |  2.1
Throwing       | |  1.7
Dodging        | |  2.6

Action                   || total
-------------------------++-------
Melee: Unarmed           ||    75
Throw: Throwing net      ||     2
  Eat: Chunk             ||     5
